 Dungeon Crawl Stone Soup version 0.25-a0-265-g7af84ae0ac (webtiles) character file.

Game seed: 4871800555621068772, levelgen mode: classic

70 Borgoz the Skirmisher (level 4, -7/40 HPs)
             Began as a Hill Orc Fighter on Dec 7, 2019.
             Mangled by a kobold
             ... wielding a +1 short sword of electrocution
              (16 damage)
             ... on level 2 of the Dungeon.
             The game lasted 00:02:03 (1201 turns).

Borgoz the Skirmisher (Hill Orc Fighter)            Turns: 1201, Time: 00:02:04

Health: -7/40      AC:  7    Str: 19    XL:     4   Next: 21%
Magic:  4/4        EV:  7    Int:  8    God:
Gold:   49         SH:  9    Dex: 10    Spells: 3/3 levels left

rFire    . . .     SeeInvis .   a - +0 war axe
rCold    . . .     Gourm    .   c - +0 shield
rNeg     . . .     Faith    .   b - +0 scale mail
rPois    .         Spirit   .   (no helmet)
rElec    .         Reflect  .   (no cloak)
rCorr    .         Harm     .   (no gloves)
MR       .....                  (no boots)
Stlth    ..........             (no amulet)
HPRegen  0.13/turn              (no ring)
MPRegen  0.09/turn              (no ring)

@: no status effects
A: no striking features
a: no special abilities


You were on level 2 of the Dungeon.
You were not hungry.

You visited 1 branch of the dungeon, and saw 2 of its levels.

You collected 49 gold pieces.

Inventory:

Hand Weapons
 a - a +0 war axe (weapon)
Armour
 b - a +0 scale mail (worn)
 c - a +0 shield (worn)
Scrolls
 e - a scroll of remove curse {unknown}
 k - a scroll of enchant armour {unknown}
 l - a scroll of identify {unknown}
Potions
 d - a potion of might
 g - a potion of curing {unknown}
 i - a potion of magic {unknown}
 j - a potion of flight {unknown}
Comestibles
 f - 3 rations
 h - a chunk of flesh


   Skills:
 + Level 4.2 Fighting
 + Level 3.5 Axes
 + Level 3.8 Armour
 + Level 1.1 Dodging
 + Level 3.8 Shields


You had 3 spell levels left.
You didn't know any spells.
Your spell library was empty.

Dungeon Overview and Level Annotations

Branches:
Dungeon (2/15)

Altars:

Annotations:
D:2 Robin


Message History

The kobold hits you but does no damage.
You hit the adder.
The adder is moderately wounded.
You barely miss the kobold. The adder closely misses you.
You block the adder's attack. The kobold hits you but does no damage.
You are electrocuted!
* * * LOW HITPOINT WARNING * * *
You slash the adder!
You kill the adder!
You closely miss the kobold.
Robin says, "My goblins will feast on your bones."
The kobold hits you with a +1 short sword of electrocution.
* * * LOW HITPOINT WARNING * * *
The kobold hits you but does no damage. You block the hobgoblin's attack.
You closely miss the hobgoblin. You closely miss the kobold.
The hobgoblin closely misses you.
The kobold hits you with a +1 short sword of electrocution.
* * * LOW HITPOINT WARNING * * *
You are electrocuted!
You die...

#.#.###.## #(###.#.#
#... #.......# ####
######.### ##. #......#
# # ##.# #.##.#.# ## #..
##..# #.##...# ##.
#....#K))###......####..
....gSg@).(.(........+..
#....########.#...####..
##. ####รท##.## ##.
#.......# ## #.......# #
#.......# #.......#
#.......######
#............#


You could see Robin, an adder, a hobgoblin and a kobold.

Vanquished Creatures
  2 adders (D:2)
  An ooze (D:2)
  2 worms (D:2)
  A leopard gecko (D:2)
  A bat (D:1)
  A giant cockroach (D:2)
  10 goblins
  8 hobgoblins
  3 ball pythons (D:1)
  A frilled lizard (D:1)
  3 kobolds (D:1)
  3 rats
36 creatures vanquished.

Notes
Turn   | Place    | Note
-------+----------+-------------------------------------------
     0 | D:1      | Borgoz the Hill Orc Fighter began the quest for the Orb.
     0 | D:1      | Reached XP level 1. HP: 19/19 MP: 1/1
   138 | D:1      | Reached XP level 2. HP: 22/27 MP: 2/2
   687 | D:2      | Reached skill level 4 in Fighting
   687 | D:2      | Reached XP level 3. HP: 29/33 MP: 3/3
  1189 | D:2      | Noticed Robin
  1193 | D:2      | Reached skill level 1 in Dodging
  1196 | D:2      | Reached XP level 4. HP: 23/40 MP: 4/4
  1201 | D:2      | Mangled by a kobold

Levels and vault maps discovered:
D:1:      dpeg_arrival_orchard, layout_basic
D:2:      layout_loops_corners, lemuel_round_altar, uniq_robin

Skill      XL: |  1  2  3 |
---------------+----------+-----
Axes           | 3 |  3.5
Fighting       | 4 |  4.2
Dodging        | 1 |  1.1
Armour         | |  3.8
Shields        | |  3.8

Action                   |  1- 3 |  4- 6 || total
-------------------------+-------+-------++-------
Melee: War axe           |    76 |     5 ||    81
  Eat: Chunk             |     1 |       ||     1
Armor: Scale mail        |    39 |     5 ||    44
Dodge: Dodged            |    21 |     4 ||    25
Block: Shield            |    34 |     4 ||    38

Table legend:
 A = Non-vault XP
 B = Vault XP
 C = Vault XP percentage of total XP
 D = Non-vault monster count
 E = Vault monster count
 F = Vault count percentage of total count
                 A         B        C        D         E       F
            +---------+---------+-------+---------+---------+-------
      Total |      82 |      18 |  18.0 |      27 |       9 |  25.0
            +---------+---------+-------+---------+---------+-------
        D:1 |      32 |       0 |   0.0 |      19 |       0 |   0.0
        D:2 |      50 |      18 |  26.5 |       8 |       9 |  52.9
            +---------+---------+-------+---------+---------+-------
